 Dungeon Crawl Stone Soup version 0.29.1-4-g47bece8355 (webtiles) character file.

Game seed: 8516387430038986219

1985 ChadusMaximus the Thaumaturge (level 9, 0/45 HPs)
             Began as a Deep Elf Summoner on Dec 3, 2022.
             Slain by a kobold brigand
             ... wielding a +0 dagger of chaos
              (2 damage)
             ... on level 6 of the Dungeon.
             The game lasted 00:22:12 (7654 turns).

ChadusMaximus the Thaumaturge (Deep Elf Summoner)   Turns: 7654, Time: 00:22:13

Health: 0/45       AC:  8    Str:  5    XL:     9   Next: 1%
Magic:  23/23      EV: 15    Int: 25    God:
Gold:   370        SH:  0    Dex: 15    Spells: 16/24 levels left

rFire   . . .      SeeInvis .   g - +1 spear (venom)
rCold   . . .      Faith    .   (no shield)
rNeg    . . .      Spirit   .   a - +0 robe
rPois   .          Reflect  .   q - +0 helmet
rElec   .          Harm     .   I - +1 cloak
rCorr   .          Rampage  .   (no gloves)
Will    .....                   d - +2 pair of boots
Stlth   ++++......              s - amulet of magic regeneration
HPRegen 0.15/turn               c - ring of wizardry
MPRegen 0.58/turn               (no ring)

@: lethally poisoned (0 -> -5), slowed, studying Maces & Flails, very slow
A: no striking features
a: no special abilities


You were on level 6 of the Dungeon.
You visited 1 branch of the dungeon, and saw 6 of its levels.

You collected 370 gold pieces.

Inventory:

Hand Weapons
 e - a +0 whip
 g - a +1 spear of venom (weapon)
 k - a +0 short sword
 n - a +0 spear
 y - a +1 hammer of protection
Armour
 a - a +0 robe (worn)
 d - a +2 pair of boots (worn)
 q - a +0 helmet (worn)
 I - a +1 cloak (worn)
 N - a +0 ring mail
Jewellery
 c - a ring of wizardry (left hand)
 s - an amulet of magic regeneration (around neck)
 t - a ring of protection from cold
 F - an amulet of regeneration
Wands
 r - a wand of iceblast (11)
 v - a wand of acid (6)
 x - a wand of digging (2)
 C - a wand of flame (37)
Scrolls
 h - 4 scrolls of blinking {unknown}
 i - 2 scrolls of teleportation
 j - 4 scrolls of identify
 l - a scroll of amnesia
 u - a scroll of enchant weapon
 B - 2 scrolls of vulnerability
 G - a scroll of brand weapon {unknown}
 J - a scroll of magic mapping {unknown}
 K - 2 scrolls of noise {unknown}
 M - a scroll of fear {unknown}
Potions
 b - a potion of magic
 f - 3 potions of brilliance
 m - 3 potions of heal wounds {unknown}
 o - 6 potions of might
 p - a potion of flight {unknown}
 w - 3 potions of attraction {unknown}
 z - a potion of berserk rage {unknown}
 A - a potion of lignification {unknown}
 D - a potion of ambrosia {unknown}
 E - a potion of resistance {unknown}
 H - a potion of curing
 L - a potion of mutation {unknown}


   Skills:
 + Level 7.3 Dodging
 + Level 8.1 Stealth
 + Level 8.2 Spellcasting
 + Level 7.8 Summonings


You had 16 spell levels left.
You knew the following spells:

 Your Spells              Type           Power      Damage    Failure   Level
a - Summon Small Mammal   Summ           100%       N/A       1%          1
b - Call Canine Familiar  Summ           49%        N/A       1%          3
c - Summon Lightning Spi  Summ/Air       30%        N/A       4%          4

Your spell library contained the following spells:

 Spells                   Type           Power      Damage    Failure   Level
 Call Imp                 Summ           49%        N/A       1%          2
 Summon Guardian Golem    Hex/Summ       30%        N/A       1%          3
 Spellforged Servitor     Conj/Summ      15%        N/A       98%         7
 Orb of Destruction       Conj           5%         9d5       100%        7
 Chain Lightning          Conj/Air       5%         3d6       100%        9
 Fire Storm               Conj/Fire      5%         8d1       100%        9
 Shatter                  Erth           5%         3d8*      100%        9


Dungeon Overview and Level Annotations

Branches:
Dungeon (6/15)
 Temple: D:4-7

Altars:
Elyvilon


Message History

The kobold brigand looks more healthy.
Your wolf bites the kobold brigand!
Your lightning spire shoots out a bolt of lightning at the kobold brigand!
The bolt of electricity misses the kobold brigand.
The bolt of electricity hits the kobold brigand!
The kobold brigand misses your wolf. The kobold brigand misses you.
Your wolf bites the kobold brigand.
The kobold brigand dies!
You have reached level 9!
Your experience leads to an increase in your attributes!
Increase (S)trength, (I)ntelligence, or (D)exterity?
You feel clever. x2
Casting: Call Canine Familiar (safe; 1% risk of failure)
Confirm with . or Enter, or press ? or * to list all spells.
The kobold brigand barely misses you.
The kobold brigand completely misses your wolf.
The kobold brigand misses your wolf.
Your wolf bites the kobold brigand but does no damage.
Your lightning spire shoots out a bolt of lightning at the kobold brigand!
The bolt of electricity hits the kobold brigand!
The kobold brigand completely misses you.
The kobold brigand hits your wolf with a +0 dagger.
Your wolf bites the kobold brigand.
Unknown command.
The kobold brigand attacks as you move away!
The kobold brigand hits you with a +0 dagger of chaos.
* * * LOW HITPOINT WARNING * * *
You are lethally poisoned!
* * * LOW HITPOINT WARNING * * *
You feel very sick.
Your wolf bites the kobold brigand.
Magic courses through your body.
* * * LOW HITPOINT WARNING * * *
You feel sick.
Your wolf bites the kobold brigand!
Your quokka misses the kobold brigand. The kobold brigand misses you.
The kobold brigand completely misses your wolf.
Your wolf closely misses the kobold brigand.
Your quokka bites the kobold brigand.
The kobold brigand closely misses your wolf.
The kobold brigand hits you with a +0 dagger of chaos.
You die...

....#.# #...#..#.#..#
.≈..#.#### #...##.....##
≈8≈.#.##.# #....##?(.##
.≈..#>...# #8....######
....##...## #..........#
#'###.....# #####K.........#
....#.#...####..##..........#
................##K.........#
....##.#.....#..@Kh.).......#
....#..#..#.....r...........#
#.........#.....##..........#
#..##............#.#.########
...##....>.........#.#
................#.##.#####
..............<..........#
.........................#
..##.....................#


You could see 2 kobold brigands, a friendly wolf (summoned) and a friendly
quokka (summoned).

Vanquished Creatures
  A water moccasin (D:6)
  A bullfrog (D:6)
  A howler monkey (D:6)
  A hound (D:6)
  3 iguanas
  5 gnolls (D:4)
  2 adders
  A shadow imp (D:6)
  A white imp (D:5)
  2 orcs (D:4)
  2 endoplasms
  4 goblins
  2 hobgoblins
  A jackal (D:4)
  A quokka (D:4)
  4 ball pythons
  3 bats
  2 frilled lizards
  A kobold (D:1)
  4 rats
42 creatures vanquished.

Vanquished Creatures (collateral kills)
  The ghost of Jakudza the Trooper, a novice MiFi (D:6)
  Sigmund (D:3)
  An ice beast (D:6)
  A phantom (D:4)
  3 kobold brigands
  2 howler monkeys
  2 hounds (D:4)
  3 orc priests
  2 gnoll boudas (D:4)
  Crazy Yiuf (D:3)
  Terence (D:3)
  An iguana (D:5)
  Robin (D:3)
  19 gnolls
  5 adders
  2 ufetubi
  2 worms (D:2)
  A dart slug (D:4)
  19 orcs
  A ball python (D:4)
  4 bats (D:1)
  4 endoplasms
  A giant cockroach (D:4)
  9 goblins
  6 hobgoblins
  15 jackals
  2 quokkas
  3 frilled lizards (D:1)
  3 kobolds (D:1)
116 creatures vanquished.

Vanquished Creatures (others)
  6 plants
6 creatures vanquished.

Grand Total: 164 creatures vanquished

Notes
Turn   | Place    | Note
-------+----------+-------------------------------------------
     0 | D:1      | ChadusMaximus the Deep Elf Summoner began the quest for the
                  | Orb.
     0 | D:1      | Reached XP level 1. HP: 10/10 MP: 6/6
   324 | D:1      | Reached XP level 2. HP: 15/15 MP: 4/8
  1218 | D:2      | Reached XP level 3. HP: 19/19 MP: 10/10
  1226 | D:2      | Learned a level 3 spell: Call Canine Familiar
  2322 | D:3      | Noticed Robin
  2323 | D:3      | Noticed Sigmund
  2344 | D:3      | Reached XP level 4. HP: 12/24 MP: 6/11
  2570 | D:3      | Found a white marble altar of Elyvilon.
  2607 | D:3      | Identified the +10 spear of Valuable Assets {vorpal, Will+}
  2715 | D:3      | Killed Robin
  2716 | D:3      | Reached skill level 5 in Summonings
  2780 | D:3      | Noticed Terence
  2786 | D:3      | Found a faded altar of an unknown god.
  2799 | D:3      | Killed Terence
  3244 | D:3      | Found a runed translucent door.
  3245 | D:3      | Noticed Crazy Yiuf
  3366 | D:3      | Killed Sigmund
  3367 | D:3      | Reached skill level 5 in Spellcasting
  3367 | D:3      | Reached XP level 5. HP: 28/28 MP: 7/14
  3367 | D:3      | Reached XP level 6. HP: 32/32 MP: 7/15
  3458 | D:3      | Killed Crazy Yiuf
  4165 | D:4      | Reached skill level 5 in Stealth
  4450 | D:4      | Reached skill level 5 in Dodging
  4450 | D:4      | Reached XP level 7. HP: 10/36 MP: 17/17
  4682 | D:4      | Learned a level 4 spell: Summon Lightning Spire
  6016 | D:5      | Entered Level 5 of the Dungeon
  6083 | D:5      | Reached XP level 8. HP: 41/41 MP: 20/20
  7432 | D:6      | Found a runed translucent gate.
  7432 | D:6      | Found a runed translucent gate.
  7432 | D:6      | Found a runed translucent gate.
  7435 | D:6      | Noticed Jakudza's ghost (novice MiFi)
  7647 | D:6      | Killed Jakudza's ghost
  7652 | D:6      | Reached XP level 9. HP: 12/45 MP: 12/23
  7654 | D:6      | HP: 2/45 [poisoned by a kobold brigand]
  7654 | D:6      | Slain by a kobold brigand

Illustrated notes

Levels and vault maps discovered:
D:1:      eino_arrival_druids_welcome, layout_basic, serial_bayou_pond_a
D:2:      layout_loops_cross
D:3:      layout_basic, mainiacjoe_overflow_alcove_1,
          hellmonk_ecumenical_altar_arch_garden, uniq_sigmund,
          uniq_crazy_yiuf_cottage, uniq_terence, uniq_robin
D:4:      lemuel_castle_with_subvaults [lemuel_castle_interior_original],
          layout_cave_pods, minmay_pentomino_pile
D:5:      layout_loops_corners
D:6:      layout_rooms, gammafunk_ghost_nasty_kobolds, minivault_5,
          kennysheep_generic_room_13

Skill      XL: |  1  2  3  4  5  6  7  8 |
---------------+-------------------------+-----
Dodging        | 3 4 5 7 |  7.3
Stealth        | 3 4 5 6 8 |  8.1
Spellcasting   | 5 6 8 |  8.2
Summonings     | 5 6 7 |  7.8

Action                   |  1- 3 |  4- 6 |  7- 9 || total
-------------------------+-------+-------+-------++-------
Melee: Whip              |     9 |       |       ||     9
       Short sword       |    29 |       |       ||    29
       Spear             |    25 |    93 |   121 ||   239
 Cast: Summon Small Mamm |    47 |    47 |    40 ||   134
       Call Canine Famil |     7 |    18 |    22 ||    47
       Summon Lightning  |       |       |    11 ||    11
  Use: Scroll            |       |     3 |     4 ||     7
       Potion            |       |     1 |     2 ||     3
 Stab: Sleeping          |     3 |     7 |     7 ||    17
       Distracted        |       |       |     1 ||     1
Armor: Robe              |    29 |    13 |    24 ||    66
Dodge: Dodged            |    49 |    74 |    84 ||   207
